 Dungeon Crawl Stone Soup version 0.26.1-2-gb8aa6d0cf2 (webtiles) character file.

Game seed: 17902654757273465748

385 Martska the Chucker (level 6, -5/66 HPs)
             Began as an Ogre Hunter on Mar 12, 2021.
             Slain by an iguana (7 damage)
             ... on level 5 of the Dungeon.
             The game lasted 00:07:26 (5258 turns).

Martska the Chucker (Ogre Hunter)                   Turns: 5258, Time: 00:07:27

Health: -5/66      AC:  4    Str: 17 (19) XL:     6   Next: 77%
Magic:  6/6        EV: 10    Int: 11 (12) God:
Gold:   177        SH:  0    Dex:  7 (9)  Spells: 5/5 levels left

rFire    . . .     SeeInvis .   j - +0 mace
rCold    . . .     Faith    .   (no shield)
rNeg     + . .     Spirit   .   b - +1 robe
rPois    .         Reflect  .   (helmet restricted)
rElec    .         Harm     .   (no cloak)
rCorr    +         Rampage  .   (gloves unavailable)
Will     .....                  (boots unavailable)
Stlth    +.........             o - amulet of regeneration
HPRegen  0.61/turn              p - ring of resist corrosion
MPRegen  0.10/turn              y - ring of positive energy

@: no status effects
A: large, unfitting armour, tough skin 1
a: no special abilities


You were on level 5 of the Dungeon.
You visited 1 branch of the dungeon, and saw 5 of its levels.

You collected 177 gold pieces.

Inventory:

Hand Weapons
 a - a +0 short sword
 c - a +0 giant club
 e - a +1 spear
 j - a +0 mace (weapon)
 k - a +0 club
Missiles
 d - 2 throwing nets (quivered)
Armour
 b - a +1 robe (worn)
Jewellery
 h - an uncursed amulet of faith
 o - an amulet of regeneration (around neck)
 p - a ring of resist corrosion (left hand)
 y - a ring of positive energy (right hand)
Scrolls
 f - a scroll of random uselessness
 l - a scroll of enchant armour
 m - a scroll of enchant weapon
 q - a scroll of magic mapping
 B - a scroll of blinking
Potions
 g - a potion of berserk rage
 i - 2 potions of mutation
 v - a potion of magic {unknown}
 w - a potion of invisibility {unknown}
 z - a potion of attraction {unknown}
 C - a potion of brilliance {unknown}
 E - a potion of heal wounds


   Skills:
 * Level 5.1 Fighting
 * Level 2.6 Maces & Flails
 * Level 5.2 Throwing
 * Level 3.4 Dodging
 - Level 0.6 Stealth


You had 5 spell levels left.
You didn't know any spells.
Your spell library was empty.

Dungeon Overview and Level Annotations

Branches:
Dungeon (5/15)
 Temple: D:4-7

Altars:
Ru

Annotations:
D:3 Sigmund


Innate Abilities, Weirdness & Mutations

You are too large for most types of armour.
You have tough skin. (AC +1)


Message History

The iguana bites you.
You barely miss the hound. The hound bites you.
* * * LOW HITPOINT WARNING * * *
The hound bites you but does no damage. The iguana bites you.
* * * LOW HITPOINT WARNING * * *
You barely miss the hound. The hound bites you but does no damage.
The iguana bites you!
* * * LOW HITPOINT WARNING * * *
The hound closely misses you.
Throw: javelin
Press: ? - help, Q - select action, (/) - cycle Shift-Dir - straight line, f - hound
Aim: a hound (46% to hit)
You throw a javelin. The javelin pierces through the hound.
The hound is lightly wounded.
The hound barely misses you. The iguana barely misses you.
The hound pauses to sniff the ground.
The hound bites you.
* * * LOW HITPOINT WARNING * * *
The iguana bites you!
You die...

##########
.........#
########.#
####.####
#......<##
#l#####..# #@#
#..# #h# #..#
#.# #..#
##.#####..#
#.........#
.'........#####
.####.....#
##(#.## ###.#


You could see an iguana and a hound.

Vanquished Creatures
  An ogre (D:4)
  A scorpion (D:4)
  A howler monkey (D:5)
  An iguana (D:4)
  An orc wizard (D:3)
  Terence (D:3)
  A hound skeleton (D:4)
  5 adders
  An ufetubus (D:5)
  An adder skeleton (D:4)
  3 worms
  2 dart slugs
  2 orcs
  A ball python (D:3)
  7 bats
  3 giant cockroaches
  11 goblins
  8 hobgoblins
  2 jackals (D:3)
  3 quokkas
  3 frilled lizards
  6 kobolds
  8 rats
73 creatures vanquished.

Notes
Turn   | Place    | Note
-------+----------+-------------------------------------------
     0 | D:1      | Martska the Ogre Hunter began the quest for the Orb.
     0 | D:1      | Reached XP level 1. HP: 22/22 MP: 1/1
   430 | D:1      | Reached XP level 2. HP: 29/31 MP: 2/2
  1204 | D:2      | Reached XP level 3. HP: 35/37 MP: 3/3
  1508 | D:2      | Reached skill level 1 in Maces & Flails
  1548 | D:2      | Reached XP level 4. HP: 23/48 MP: 4/4
  2388 | D:3      | Noticed Terence
  2390 | D:3      | Killed Terence
  2486 | D:3      | Reached XP level 5. HP: 54/54 MP: 5/5
  2660 | D:3      | Found a sacrificial altar of Ru.
  3430 | D:3      | Noticed Sigmund
  3620 | D:4      | Noticed an ogre
  3627 | D:4      | Killed an ogre
  3628 | D:4      | Reached skill level 5 in Throwing
  3628 | D:4      | Reached XP level 6. HP: 54/63 MP: 6/6
  4395 | D:4      | Reached skill level 5 in Fighting
  5204 | D:5      | Entered Level 5 of the Dungeon
  5257 | D:5      | HP: 3/66 [iguana (14)]
  5258 | D:5      | Slain by an iguana

Illustrated notes

Levels and vault maps discovered:
D:1:      minmay_arrival_up_and_down, layout_basic
D:2:      layout_loops_ring, feat_on_display
D:3:      layout_loops_corners, nicolae_ru_great_annihilating_truth,
          uniq_terence, uniq_sigmund
D:4:      layout_loops_corners
D:5:      layout_loops_corners, grunt_temple_overflow_gold_and_silver,
          basic_altar, kennysheep_slug_shrine

Skill      XL: |  1  2  3  4  5  6 |
---------------+-------------------+-----
Dodging        | 2 3 |  3.4
Fighting       | 3 4 5 |  5.1
Maces & Flails | 1 2 |  2.6
Throwing       | 5 |  5.2
Stealth        | |  0.6

Action                   |  1- 3 |  4- 6 || total
-------------------------+-------+-------++-------
Melee: Spear             |   115 |   149 ||   264
       Mace              |       |    56 ||    56
       Giant club        |       |    33 ||    33
Throw: Large rock        |     1 |    13 ||    14
       Javelin           |       |     4 ||     4
  Use: Scroll            |       |    13 ||    13
       Potion            |       |     6 ||     6
 Stab: Sleeping          |     3 |     2 ||     5
Armor: Robe              |    27 |    67 ||    94
Dodge: Dodged            |    53 |   130 ||   183
